 Dungeon Crawl Stone Soup version 0.30.1-4-g462c640d31 (webtiles) character file.

Game seed: 16430485168881672599

60201 arthad the Fighter (level 14, -2/96 HPs)
             Began as a Gargoyle Fighter on Aug 24, 2023.
             Was the Champion of Okawaru.
             Slain by an orc warrior
             ... wielding a +0 trident
              (17 damage)
             ... on level 2 of the Orcish Mines.
             The game lasted 00:35:38 (23524 turns).

arthad the Fighter (Gargoyle Fighter)              Turns: 23524, Time: 00:35:39

Health: -2/96      AC: 34    Str: 25    XL:     14   Next: 98%
Magic:  3/21       EV:  8    Int: 11    God:    Okawaru [******]
Gold:   1569       SH: 16    Dex: 15    Spells: 13/13 levels left

rFire   . . .        W - +1 eveningstar (venom)
rCold   . . .        b - +4 kite shield of Agoraphobia {Int+2}
rNeg    + . .        I - +1 chain mail {Will+}
rPois   ∞            n - +0 helmet
rElec   +            C - +0 cloak
rCorr   +            Q - +3 Mad Mage's Maulers {Infuse+∞ VampMP -Cast}
SInv    .            R - +1 pair of boots
Will    ++...        l - amulet of magic regeneration Stlth
                     P - ring of resist corrosion
HPRegen 0.36/turn    t - +6 ring of dexterity
MPRegen 0.57/turn

%: no spellcasting, infuse magic (3 MP)
@: flying
A: sickness immunity, AC +10, big wings, negative energy resistance 1,
electricity resistance, torment resistance 1, petrification resistance
a: Renounce Religion, Heroism, Finesse, Duel


You were on level 2 of the Orcish Mines.
You worshipped Okawaru.
Okawaru was exalted by your worship.
You visited 4 branches of the dungeon, and saw 21 of its levels.

You collected 1569 gold pieces.

Inventory:

Hand Weapons
 a - the +2 great mace of Puaqoaw {vamp, rPois rN+ Str-2 SInv}
   (Okawaru gifted it to you on level 3 of the Lair of Beasts)

   Str:       It affects your strength (-2).
   rPois:     It protects you from poison.
   rN:        It protects you from negative energy.
   SInv:      It lets you see invisible.
 u - the +3 trident of Soft Blind Justice {heavy, rC+++ Will- Str-3 SInv}
   (You took it off a spriggan on level 5 of the Lair of Beasts)

   Str:       It affects your strength (-3).
   rC:        It renders you almost immune to cold.
   SInv:      It lets you see invisible.
   Will:      It decreases your willpower.
 w - the +6 spear of Leefets {protect, rC+ rCorr Dex+2}
   (You found it on level 5 of the Dungeon)

   Dex:       It affects your dexterity (+2).
   rC:        It protects you from cold.
   rCorr:     It protects you from acid and corrosion.
 W - a +1 eveningstar of venom (weapon)
Missiles
 x - 6 boomerangs
 N - 5 poisoned darts (quivered)
Armour
 b - the +4 kite shield of Agoraphobia (worn) {Int+2}
   (Okawaru gifted it to you on level 12 of the Dungeon)

   Int:       It affects your intelligence (+2).
 g - the +2 pair of gloves of Vymosor {Rampage Drain rC++ Int+2}
   (Okawaru gifted it to you on level 5 of the Lair of Beasts)

   Int:       It affects your intelligence (+2).
   rC:        It greatly protects you from cold.
   Drain:     It drains your maximum health when unequipped.
   Rampage:   It bestows one free step when moving towards enemies.
 n - a +0 helmet (worn)
 s - a +0 kite shield of positive energy
 C - a +0 cloak (worn)
 I - a +1 chain mail of willpower (worn)
 Q - the +3 Mad Mage's Maulers (worn) {Infuse+∞ VampMP -Cast}
   (You found it on level 8 of the Dungeon)

   Infuse+∞: It empowers its wearer's blows with all of their magic.
   VampMP:    Blows struck in melee replenish the wearer's magic.
   -Cast:     It prevents spellcasting.
 R - a +1 pair of boots (worn)
 X - a scarf of shadows
 Y - the +5 scale mail of Indomitability {rN+ Int+4 Slay-2}
   (Okawaru gifted it to you on level 4 of the Lair of Beasts)

   Int:       It affects your intelligence (+4).
   Slay:      It affects your accuracy & damage with ranged weapons and melee
   (-2).
   rN:        It protects you from negative energy.
Jewellery
 c - an amulet of the acrobat
 l - an amulet of magic regeneration (around neck)
 r - a ring of fire
 t - a +6 ring of dexterity (right hand)
 P - a ring of resist corrosion (left hand)
Wands
 i - a wand of iceblast (7)
 z - a wand of flame (34)
 D - a wand of polymorph (15)
 M - a wand of mindburst (25)
 U - a wand of light (4)
Scrolls
 j - a scroll of fear
 k - a scroll of blinking
 m - 2 scrolls of silence
 p - a scroll of immolation
 A - 2 scrolls of magic mapping
 B - 7 scrolls of teleportation
 F - 2 scrolls of amnesia
 G - a scroll of torment
 H - a scroll of vulnerability
 L - 3 scrolls of fog
 O - 2 scrolls of enchant armour
 S - 4 scrolls of summoning
 Z - 6 scrolls of identify
Potions
 d - 5 potions of might
 e - 5 potions of lignification
 f - 8 potions of curing
 h - 2 potions of magic
 o - a potion of attraction
 q - 2 potions of cancellation
 v - 2 potions of berserk rage
 E - a potion of ambrosia
 J - a potion of mutation
 K - a potion of degeneration
 T - 2 potions of heal wounds
 V - 2 potions of haste


   Skills:
 * Level 14.6 Fighting
 * Level 13.3 Maces & Flails
 + Level 3.9 Throwing
 * Level 12.5 Armour
 * Level 12.5 Shields
 + Level 10.0 Invocations


You had 13 spell levels left.
You didn't know any spells.
Your spell library contained the following spells:

 Spells                   Type           Power      Damage    Failure   Level
 Beastly Appendage        Tmut           0%         N/A       90%         1
 Slow                     Hex            0%         N/A       90%         1
 Lesser Beckoning         Tloc           0%         N/A       97%         2
 Poisonous Vapours        Pois/Air       0%         N/A       97%         2
 Scorch                   Fire           0%         2d5       97%         2
 Wereblood                Tmut           0%         N/A       97%         2
 Confusing Touch          Hex            0%         N/A       99%         3
 Gell's Gravitas          Tloc           0%         N/A       99%         3
 Mephitic Cloud           Conj/Pois/Air  0%         N/A       99%         3
 Ozocubu's Armour         Ice            0%         N/A       99%         3
 Portal Projectile        Hex/Tloc       0%         N/A       99%         3
 Spider Form              Tmut/Pois      0%         N/A       99%         3
 Teleport Other           Tloc           0%         N/A       99%         3
 Vampiric Draining        Necr           0%         2d6       99%         3
 Flame Wave               Conj/Fire      0%         2d4       100%        4
 Leda's Liquefaction      Hex/Erth       0%         N/A       100%        4
 Blade Hands              Tmut           0%         N/A       100%        5
 Freezing Cloud           Conj/Ice/Air   0%         6-21      100%        5
 Lee's Rapid Deconstruct  Erth           0%         3d4*      100%        5
 Metabolic Englaciation   Hex/Ice        0%         N/A       100%        5
 Iron Shot                Conj/Erth      0%         9d1       100%        6
 Sublimation of Blood     Necr           Unusable   N/A       N/A         2
 Tukima's Dance           Hex            Unusable   N/A       N/A         3
 Animate Armour           Summ/Erth      Unusable   N/A       N/A         4
 Summon Ice Beast         Ice/Summ       Unusable   N/A       N/A         4
 Summon Mana Viper        Hex/Summ       Unusable   N/A       N/A         5
 Simulacrum               Ice/Necr       Unusable   N/A       N/A         6
 Statue Form              Tmut/Erth      Unusable   N/A       N/A         6
 Summon Cactus Giant      Summ           Unusable   N/A       N/A         6
 Monstrous Menagerie      Summ           Unusable   N/A       N/A         7
 Summon Hydra             Summ           Unusable   N/A       N/A         7

Dungeon Overview and Level Annotations

Branches:
Dungeon (13/15) Temple (1/1) D:4 Lair (5/5) D:9 Shoals (0/4) Lair:3 Snake (0/4) Lair:2 Slime (0/5) Lair:5 Orc (2/2) D:9 Vaults (0/5) D:12 D:13 Elf: Orc:2

Altars:
Ashenzari
Cheibriados
Dithmenos
Elyvilon
Fedhas
Gozag
Hepliaklqana
Kikubaaqudgha
Makhleb
Nemelex Xobeh
Okawaru
Qazlal
Ru
Sif Muna
Trog
Uskayaw
Wu Jian
Xom
Yredelemnul
Zin
The Shining One
Jiyva

Shops:
D:5 [   D:8 [

Annotations:
D:13 Frances, Nessos
Lair:3 2 transporters, Kubamp's ghost, journeyman DEAE


Innate Abilities, Weirdness & Mutations

You are immune to sickness and miasma.
Your stone body is resilient. (AC +10)
You are immune to poison.
Your large and strong wings let you fly.
You resist negative energy. (rN+)
You are resistant to electric shocks. (rElec)
You are resistant to unholy torment.
You are immune to petrification.


Message History

The orc knight is lightly wounded.
The orc wizard shouts!
The orc warlord roars a battlecry!
The orc knight goes into a battle-frenzy!
You block the orc warrior's attack. x2
The orc knight hits you but does no damage.
You completely miss the orc knight.
The orc knight is lightly wounded.
You block the orc warrior's attack. x2
The orc warrior hits you from afar with a +0 trident!
You block the orc priest's attack.
The orc knight hits you with a +1 glaive.
You hit the orc knight.
The orc knight looks as sick as possible!
The orc knight is moderately wounded.
You hit the orc knight.
The orc knight looks as sick as possible!
The orc knight is moderately wounded.
The orc warrior barely misses you. You block the orc warrior's attack.
The orc priest barely misses you.
The orc knight hits you with a +0 great mace!
The orc knight hits you with a +1 glaive.
You puncture the orc knight!
The orc knight looks as sick as possible!
The orc knight is heavily wounded.
The orc knight roars a battlecry!
The orc wizard goes into a battle-frenzy!
You block the orc warrior's attack.
The orc priest calls upon Beogh to heal the orc knight.
The orc knight is healed somewhat.
You block the orc knight's attack.
You bludgeon the orc knight!!
The orc knight looks as sick as possible!
The orc knight is almost dead.
The orc knight hits you but does no damage.
The orc knight hits you with a +3 war axe!
You block the orc warrior's attack. The orc priest barely misses you.
The orc knight hits you with a +0 great mace!!
* * * LOW HITPOINT WARNING * * *
The orc warrior hits you from afar with a +0 trident!
You die...

#....#.#
.$....#
##.#....# #
.#.....#
.#.##......#
......oO..##
......ooo..#
.....oo@#
.....oo##
..(((oo
.....(o
(...(..
.......
.......
...(...


You could see an orc warlord (strong), 3 orc knights, 5 orc warriors, an ogre,
an orc priest (strong) and an orc wizard (strong).

Vanquished Creatures
  5 two-headed ogres
  3 hydras
  3 centaur warriors
  A catoblepas (Lair:5)
  6 death yaks
  An orc high priest (Orc:2)
  4 skeletal warriors
  2 skysharks
  Pikel (D:8)
  4 harpies (Lair:3)
  A deep elf pyromancer (D:12)
  2 cyclopes
  An orc sorcerer (Orc:2)
  10 elephants
  9 black mambas
  2 gargoyles (D:12)
  10 cane toads
  A rime drake (Lair:5)
  An unseen horror (D:8)
  10 komodo dragons
  6 trolls
  10 polar bears
  Prince Ribbit (D:6)
  15 dream sheep (Lair:5)
  3 hornets (Lair:5)
  10 blink frogs
  A slime creature (Lair:1)
  12 spriggans (Lair:5)
  4 wraiths
  A shadow (D:12)
  26 yaks
  2 wyverns (Lair:3)
  6 basilisks
  14 humans
  4 vampire mosquitoes (D:12)
  4 steam dragons
  3 nagas (Lair:2)
  A warg (Orc:1)
  An acid dragon (D:9)
  18 water moccasins
  10 orc warriors
  2 ice beasts
  3 boggarts (Lair:5)
  4 black bears
  2 ogres (Orc:1)
  20 wolves
  A lemure (D:8)
  6 centaurs
  A phantom (D:6)
  A kobold brigand (D:8)
  8 bullfrogs
  2 gnoll sergeants
  2 scorpions (D:5)
  A killer bee (D:8)
  6 howler monkeys
  An electric eel (Lair:4)
  3 hounds
  6 jellies (Lair:1)
  23 orc priests
  A sleepcap (D:7)
  An iguana (D:4)
  7 hell rats (Lair:3)
  17 orc wizards
  11 gnolls
  6 adders
  A shadow imp (D:7)
  A white imp (D:5)
  An ufetubus (D:6)
  2 worms
  2 dart slugs (D:2)
  68 orcs
  28 endoplasms
  A giant cockroach (D:4)
  3 goblins
  5 hobgoblins
  19 jackals
  6 quokkas
  4 ball pythons
  3 bats (D:1)
  2 frilled lizards (D:1)
  7 kobolds
  10 rats
527 creatures vanquished.

Vanquished Creatures (others)
  A hobgoblin (D:4)
  A kobold (D:4)
2 creatures vanquished.

Grand Total: 529 creatures vanquished

Notes
Turn   | Place    | Note
-------+----------+-------------------------------------------
     0 | D:1      | arthad the Gargoyle Fighter began the quest for the Orb.
     0 | D:1      | Reached XP level 1. HP: 14/14 MP: 1/1
   103 | D:1      | Reached XP level 2. HP: 14/19 MP: 2/2
   340 | D:1      | Reached XP level 3. HP: 19/23 MP: 3/3
   865 | D:2      | Reached XP level 4. HP: 28/29 MP: 4/4
  1007 | D:2      | Found a faded altar of an unknown god.
  1060 | D:2      | Identified the +1 robe of Dentouso {rN+}
  1433 | D:2      | Reached skill level 4 in Fighting
  1620 | D:3      | Reached XP level 5. HP: 33/33 MP: 5/5
  2345 | D:4      | Found a staircase to the Ecumenical Temple.
  2409 | Temple   | Entered the Ecumenical Temple
  2621 | Temple   | Became a worshipper of Warmaster Okawaru
  2916 | D:4      | Reached XP level 6. HP: 31/39 MP: 6/6
  3100 | D:4      | Noticed a steam dragon
  3119 | D:4      | Killed a steam dragon
  3120 | D:4      | Reached skill level 1 in Invocations
  3243 | D:5      | Entered Level 5 of the Dungeon
  3336 | D:5      | Reached skill level 5 in Fighting
  3336 | D:5      | Reached XP level 7. HP: 38/44 MP: 6/8
  3761 | D:5      | Identified the +7 dagger "Waipni" {heavy, rF+ rCorr Dex+3}
  3789 | D:5      | Reached skill level 5 in Armour
  3789 | D:5      | Reached skill level 5 in Shields
  3813 | D:5      | Found Wioprom's Armour Emporium.
  3856 | D:5      | Identified the +6 spear of Leefets {protect, rC+ rCorr
                  | Dex+2}
  4103 | D:5      | Reached * piety under Okawaru
  4219 | D:6      | Reached skill level 6 in Fighting
  4219 | D:6      | Reached skill level 5 in Maces & Flails
  4219 | D:6      | Reached XP level 8. HP: 43/51 MP: 9/9
  4527 | D:6      | Noticed Prince Ribbit
  4544 | D:6      | Killed Prince Ribbit
  4544 | D:6      | Reached ** piety under Okawaru
  5084 | D:7      | Noticed a troll
  5121 | D:7      | Killed a troll
  5122 | D:7      | Reached skill level 7 in Fighting
  5122 | D:7      | Reached XP level 9. HP: 45/57 MP: 11/11
  5470 | D:7      | Reached *** piety under Okawaru
  5771 | D:8      | Found a sparkling altar of Nemelex Xobeh.
  5919 | D:7      | Reached skill level 8 in Fighting
  6104 | D:8      | Reached **** piety under Okawaru
  6169 | D:8      | Found a shimmering blue altar of Sif Muna.
  6274 | D:8      | Found Boajy's Armour Boutique.
  6351 | D:8      | Noticed a seven-headed hydra
  6352 | D:8      | Noticed Pikel
  6384 | D:8      | Killed a seven-headed hydra
  6385 | D:8      | Reached skill level 5 in Invocations
  6385 | D:8      | Reached XP level 10. HP: 20/65 MP: 11/13
  6393 | D:8      | Killed Pikel
  6394 | D:8      | Reached skill level 9 in Fighting
  6667 | D:8      | Noticed a centaur warrior
  6684 | D:8      | Killed a centaur warrior
  6684 | D:8      | Reached ***** piety under Okawaru
  6906 | D:8      | Found the +3 Mad Mage's Maulers {Infuse+∞ VampMP -Cast}
  6985 | D:8      | Killed an unseen horror
  7279 | D:8      | Noticed a centaur warrior
  7301 | D:8      | Killed a centaur warrior
  7302 | D:8      | Reached skill level 10 in Fighting
  7476 | D:8      | Reached XP level 11. HP: 60/72 MP: 15/15
  8101 | D:9      | Found a snail-covered altar of Cheibriados.
  8262 | D:9      | Found a staircase to the Lair.
  8876 | D:9      | Found a staircase to the Orcish Mines.
  9114 | D:10     | Entered Level 10 of the Dungeon
 10527 | D:10     | Received a gift from Okawaru
 10954 | D:11     | Noticed a cyclops
 10967 | D:11     | Killed a cyclops
 11493 | D:11     | Noticed a two-headed ogre
 11498 | D:11     | Killed a two-headed ogre
 11499 | D:11     | Reached skill level 11 in Fighting
 11654 | D:11     | Noticed a two-headed ogre
 11657 | D:11     | Killed a two-headed ogre
 11658 | D:11     | Reached skill level 10 in Maces & Flails
 12216 | D:12     | Noticed a two-headed ogre
 12225 | D:12     | Killed a two-headed ogre
 12631 | D:12     | Reached XP level 12. HP: 59/80 MP: 0/17
 12758 | D:12     | Reached ****** piety under Okawaru
 12913 | D:12     | Noticed a two-headed ogre
 12918 | D:12     | Killed a two-headed ogre
 13701 | D:13     | Noticed a centaur warrior
 13704 | D:13     | Killed a centaur warrior
 13805 | D:13     | Reached skill level 12 in Fighting
 13826 | D:13     | Noticed a two-headed ogre
 14007 | D:13     | Noticed Frances
 14007 | D:13     | Found a gate to the Vaults.
 14009 | D:13     | Noticed Nessos
 14010 | D:13     | Noticed a six-headed hydra
 14011 | D:13     | Noticed a sun demon
 14011 | D:13     | Noticed a soul eater
 14019 | D:12     | Identified the +4 kite shield of Agoraphobia {Int+2}
                  | (Okawaru gifted it to you on level 12 of the Dungeon)
 14019 | D:12     | Received a gift from Okawaru
 14452 | D:12     | Killed a two-headed ogre
 14933 | Lair:1   | Entered Level 1 of the Lair of Beasts
 15328 | Lair:1   | Reached skill level 10 in Shields
 15478 | Lair:1   | Reached skill level 10 in Armour
 15658 | Lair:1   | Found an ancient bone altar of Kikubaaqudgha.
 16115 | Lair:1   | Reached XP level 13. HP: 87/87 MP: 2/19
 16361 | Lair:1   | Identified the +3 scimitar of the Ecumenical Temple {spect,
                  | *Noise rC+ rN+ Dex+4}
 16721 | Lair:2   | Found a staircase to the Snake Pit.
 16955 | Lair:2   | Reached skill level 13 in Fighting
 18063 | Lair:3   | Identified the +2 great mace of Puaqoaw {vamp, rPois rN+
                  | Str-2 SInv} (Okawaru gifted it to you on level 3 of the
                  | Lair of Beasts)
 18063 | Lair:3   | Received a gift from Okawaru
 18096 | Lair:3   | Reached skill level 1 in Throwing
 18704 | Lair:3   | Noticed Kubamp's ghost (journeyman DEAE)
 18801 | Lair:3   | Found a staircase to the Shoals.
 19096 | Lair:3   | Found a transporter.
 19100 | Lair:3   | Found a transporter.
 19474 | Lair:4   | Identified the +5 scale mail of Indomitability {rN+ Int+4
                  | Slay-2} (Okawaru gifted it to you on level 4 of the Lair of
                  | Beasts)
 19474 | Lair:4   | Received a gift from Okawaru
 19935 | Lair:4   | Identified the +2 short sword of Makhleb's Displeasure
                  | {venom, rPois Int+2 Dex-4}
 20720 | Lair:5   | Entered Level 5 of the Lair of Beasts
 20725 | Lair:5   | Gained mutation: Your large and strong wings let you fly.
                  | [Gargoyle growth]
 20725 | Lair:5   | Reached XP level 14. HP: 95/95 MP: 4/20
 20941 | Lair:5   | Reached skill level 14 in Fighting
 21436 | Lair:5   | Found a staircase to the Slime Pits.
 21437 | Lair:5   | Found a viscous altar of Jiyva.
 21562 | Lair:5   | Identified the +2 pair of gloves of Vymosor {Rampage Drain
                  | rC++ Int+2} (Okawaru gifted it to you on level 5 of the
                  | Lair of Beasts)
 21562 | Lair:5   | Received a gift from Okawaru
 21972 | Lair:5   | Identified the staff of poison "Silo" {rPois rCorr Str+2
                  | Int-3}
 22521 | Lair:5   | Identified the +3 trident of Soft Blind Justice {heavy,
                  | rC+++ Will- Str-3 SInv}
 23068 | Orc:1    | Entered Level 1 of the Orcish Mines
 23309 | Orc:2    | Entered Level 2 of the Orcish Mines
 23339 | Orc:2    | Reached skill level 10 in Invocations
 23514 | Orc:2    | Noticed an orc warlord
 23524 | Orc:2    | Slain by an orc warrior

Illustrated notes

Levels and vault maps discovered:
D:1:      shiori_arrival_oz, layout_basic, hangedman_abyss_or_decor_lesser_grid
D:2:      layout_basic, hellmonk_ecumenical_altar_run_dry, st_stairs_8
D:3:      layout_loops_ring
D:4:      layout_basic, minmay_temple_entry_overgrown
D:5:      layout_loops_cross, serial_glass, glass_columns_a, glass_columns_a,
          glass_columns_b, serial_shops, shop
D:6:      layout_basic, uniq_prince_ribbit1
D:7:      layout_loops_ring
D:8:      cheibrodos_fzero, layout_basic,
          chequers_temple_overflow_statue_of_worship, serial_shops,
          nicolae_shop_pleasant_corner_grove, uniq_pikel
D:9:      layout_long_grid, nicolae_overflow_crystal_walls, lair_entry_dummy,
          david_orc_5
D:10:     minmay_goldmine, layout_cave_pods, kennysheep_cluttered_room
D:11:     layout_long_grid
D:12:     layout_cross
D:13:     layout_loops_corners, david_vaults_3, serial_rivers,
          chequers_serial_rivers_micro_e, chequers_serial_rivers_small_3,
          chequers_serial_rivers_micro_b, chequers_serial_rivers_room_b,
          chequers_serial_rivers_micro_e, chequers_serial_rivers_micro_c,
          minmay_joined_circles, uniq_nessos, uniq_frances
Temple:   compressed_dpeg_triangle_lava_temple
Lair:1:   lemuel_slime, layout_misc_corridors, basic_altar
Lair:2:   layout_cave_shapes, minmay_snake_entry_guardpost_small
Lair:3:   layout_misc_corridors, nicolae_shoals_entry_roost,
          gammafunk_ghost_hive, chequers_serial_rivers_micro_c
Lair:4:   layout_roguey, serial_bayou_lagoon_a, beast_lair_carwin_5
Lair:5:   minmay_lair_end_enchanted_forest, layout_layer_cave, slime_entry_1,
          grunt_megastairs_4, infiniplex_staircase_pool_2
Orc:1:    layout_diamond_mine
Orc:2:    grunt_orc_gardens, layout_diamond_mine, grunt_orc_garden,
          grunt_orc_garden, grunt_orc_garden, grunt_orc_garden, basic_altar,
          minmay_orc_barracks, uniq_jorgrun

Skill      XL: |  1  2  3  4  5  6  7  8  9 10 11 12 13 14 |
---------------+-------------------------------------------+-----
Fighting       | 4 5 6 7 8 10 11 12 13 14 | 14.6
Armour         | 4 5 6 7 8 10 11 12 | 12.5
Shields        | 4 5 7 8 10 11 12 | 12.5
Maces & Flails | 3 4 5 6 7 9 10 11 12 13 | 13.3
Invocations    | 1 2 3 5 6 7 8 9 10 | 10.0
Throwing       | 2 3 |  3.9

Action                     |  1- 3 |  4- 6 |  7- 9 | 10-12 | 13-15 || total
---------------------------+-------+-------+-------+-------+-------++-------
  Melee: Flail             |   133 |   159 |    80 |       |       ||   372
         Spear             |       |       |   297 |   516 |       ||   813
         Eveningstar       |       |       |       |   115 |   700 ||   815
  Throw: Boomerang         |       |     4 |    30 |   104 |       ||   138
         Dart              |       |       |       |     3 |    34 ||    37
 Invoke: Heroism           |       |       |     3 |       |       ||     3
  Evoke: Wand              |       |       |       |     2 |     3 ||     5
    Use: Potion            |       |     3 |     8 |     2 |       ||    13
         Scroll            |       |       |     4 |    15 |     5 ||    24
   Stab: Invisible         |       |       |       |     2 |       ||     2
         Petrified         |       |       |       |       |     5 ||     5
 Armour: Scale mail        |    71 |    88 |   130 |       |       ||   289
         Skin              |       |       |     4 |       |       ||     4
         Chain mail        |       |       |   110 |   433 |   419 ||   962
  Dodge: Dodged            |    62 |    73 |   139 |   158 |   177 ||   609
  Block: Buckler           |    30 |    31 |   120 |    18 |       ||   199
         Kite shield       |       |       |       |   387 |   614 ||  1001
